 Dungeon Crawl Stone Soup version bcrawl-1.28 (webtiles) character file.

Game seed: 9148856949912200

113835 MisterOstroum the Stinger (level 4, -8/35 HPs)
             Began as an Oni Earth Elementalist on Nov 18, 2020.
             Was an Initiate of Ru.
             Killed by divine providence
             ... invoked by an orc priest
              (12 damage)
             ... on level 3 of the Dungeon.
             The game lasted 00:05:29 (2269 turns).

MisterOstroum the Stinger (Oni Earth Elementalist)  Turns: 2269, Time: 00:05:29

Health: -8/35      AC:  3    Str: 13    XL:     4   Next: 49%
Magic:  1/10       EV: 11    Int: 18    God:    Ru [......]
Gold:   157        SH:  0    Dex: 11    Spells: 3/9 levels left

rFire    . . .     SeeInvis .   a - +0 dagger
rCold    . . .     Gourm    .   (no shield)
rNeg     . . .     Faith    .   m - +0 leather armour
rPois    .         Spirit   .   (helmet restricted)
rElec    .         Reflect  .   (no cloak)
rCorr    +         Harm     .   (no gloves)
MR       .....                  (no boots)
Stlth    +.........             (no amulet)
HPRegen  0.11/turn              i - ring of resist corrosion
MPRegen  0.12/turn              d - +2 ring of strength

@: no status effects
A: oni magic, claws 1, fangs 1, horns 1
a: Renounce Religion


You were on level 3 of the Dungeon.
You worshipped Ru.
Ru was noncommittal.
You were not hungry.

You visited 1 branch of the dungeon, and saw 3 of its levels.

You collected 157 gold pieces.

Inventory:

Hand Weapons
 a - a +0 dagger (weapon)
 h - a +0 club
 t - a +0 whip
Missiles
 b - 601 stones (quivered)
 n - 271 bolts
 p - 46 poisoned tomahawks
 q - 508 arrows
Armour
 c - a +0 animal skin
 l - a +0 ring mail
 m - a +0 leather armour (worn)
Jewellery
 d - a +2 ring of strength (right claw)
 i - a ring of resist corrosion (left claw)
Scrolls
 f - a scroll of fear {unknown}
 g - 2 scrolls of teleportation {unknown}
 j - 2 scrolls of identify {@r1}
 o - a scroll of remove curse {unknown}
 r - a scroll of magic mapping {unknown}
 w - a scroll of blinking {unknown}
Potions
 k - a potion of haste {unknown}
 s - a potion of flight {unknown}
 v - a potion of might {unknown}
Comestibles
 e - 6 rations {!d}
 u - 5 chunks of flesh


   Skills:
 - Level 1.0 Fighting
 - Level 1.7 Dodging
 - Level 1.7 Stealth
 + Level 3.0 Spellcasting
   Level 3.0 Conjurations
   Level 3.0 Hexes
   Level 3.0 Charms
   Level 3.0 Summonings
   Level 3.0 Necromancy
   Level 3.0 Translocations
   Level 3.0 Transmutations
   Level 3.0 Fire Magic
   Level 3.0 Ice Magic
   Level 3.0 Air Magic
   Level 3.0 Earth Magic
   Level 3.0 Poison Magic


You had 3 spell levels left.
You knew the following spells:

 Your Spells              Type           Power        Failure   Level  Hunger
a - Sandblast             Erth           ###...       4%          1    None
b - Stone Arrow           Conj/Erth      ##....       17%         3    ####...
B - Blink                 Tloc           N/A          8%          2    #......

Your spell library contained the following spells:

 Spells                   Type           Power        Failure   Level  Hunger
 Slow                     Hex            ###.....     4%          1    None
 Passwall                 Tmut/Erth      ##......     9%          2    #......
 Petrify                  Tmut/Erth      ##........   50%         4    #####..
 Lee's Rapid Deconstruct  Erth           ###.......   80%         5    ######.


Dungeon Overview and Level Annotations

Branches:
Dungeon (3/12)

Altars:
Ru

Annotations:
D:1 1 runed door


Innate Abilities, Weirdness & Mutations

You learn spells by gaining experience, not through books or religion.
You only train spellcasting to practice magic.
You have sharp fingernails.
You have very sharp teeth.
You have a pair of small horns on your head.


Message History

The adder closely misses you.
There is a stone staircase leading up, spattered with blood here.
Casting: Sandblast (safe; 4% risk of failure)
Confirm with . or Enter, or press ? or * to list all spells.
Aiming: Sandblast (safe; 4% risk of failure)
Press: ? - help, Shift-Dir - straight line, f - adder
Aim: an adder The blast of sand hits the adder.
The adder is moderately wounded.
b - 691 stones The kobold shouts!
The adder barely misses you.
Casting: Sandblast (safe; 4% risk of failure)
Confirm with . or Enter, or press ? or * to list all spells.
Aiming: Sandblast (safe; 4% risk of failure)
Press: ? - help, Shift-Dir - straight line, f/p - adder
Aim: an adder (moderately wounded)
The blast of sand hits the adder!
You kill the adder!
b - 681 stones The kobold throws a stone.
The stone hits you but does no damage.
Casting: Sandblast (safe; 4% risk of failure)
Confirm with . or Enter, or press ? or * to list all spells.
Aiming: Sandblast (safe; 4% risk of failure)
Press: ? - help, Shift-Dir - straight line, f - orc priest
Aim: an orc priest, wearing a +0 ring mail The blast of sand hits the orc priest.
The orc priest is lightly wounded.
b - 671 stones The orc priest hits you.
Casting: Sandblast (safe; 4% risk of failure)
Confirm with . or Enter, or press ? or * to list all spells.
Aiming: Sandblast (safe; 4% risk of failure)
Press: ? - help, Shift-Dir - straight line, f/p - orc priest
Aim: an orc priest, wearing a +0 ring mail (lightly wounded)
The blast of sand hits the orc priest.
The orc priest is moderately wounded.
b - 661 stones The kobold throws a stone.
The stone closely misses you. The orc priest closely misses you.
Casting: Sandblast (safe; 4% risk of failure)
Confirm with . or Enter, or press ? or * to list all spells.
Aiming: Sandblast (safe; 4% risk of failure)
Press: ? - help, Shift-Dir - straight line, f/p - orc priest
Aim: an orc priest, wearing a +0 ring mail (moderately wounded)
The blast of sand hits the orc priest but does no damage.
The orc priest is moderately wounded.
b - 651 stones The orc priest calls down the wrath of Beogh upon you.
Beogh smites you!
Casting: Sandblast (safe; 4% risk of failure)
Confirm with . or Enter, or press ? or * to list all spells.
Aiming: Sandblast (safe; 4% risk of failure)
Press: ? - help, Shift-Dir - straight line, f/p - orc priest
Aim: an orc priest, wearing a +0 ring mail (moderately wounded)
The blast of sand hits the orc priest but does no damage.
The orc priest is moderately wounded.
b - 641 stones
Casting: Sandblast (safe; 4% risk of failure)
Confirm with . or Enter, or press ? or * to list all spells.
Aiming: Sandblast (safe; 4% risk of failure)
Press: ? - help, Shift-Dir - straight line, f/p - orc priest
Aim: an orc priest, wearing a +0 ring mail (moderately wounded)
The blast of sand hits the orc priest but does no damage.
The orc priest is moderately wounded.
b - 631 stones The orc priest hits you.
The kobold closely misses you.
Casting: Sandblast (safe; 4% risk of failure)
Confirm with . or Enter, or press ? or * to list all spells.
Aiming: Sandblast (safe; 4% risk of failure)
Press: ? - help, Shift-Dir - straight line, f/p - orc priest
Aim: an orc priest, wearing a +0 ring mail (moderately wounded)
The blast of sand hits the orc priest.
The orc priest is severely wounded.
b - 621 stones The orc priest invokes the aid of Beogh against you.
Beogh smites you!
* * * LOW HITPOINT WARNING * * *
The kobold hits you.
* * * LOW HITPOINT WARNING * * *
Casting: Sandblast (safe; 4% risk of failure)
Confirm with . or Enter, or press ? or * to list all spells.
Aiming: Sandblast (safe; 4% risk of failure)
Press: ? - help, Shift-Dir - straight line, f/p - orc priest
Aim: an orc priest, wearing a +0 ring mail (severely wounded)
The blast of sand hits the orc priest but does no damage.
The orc priest is severely wounded.
b - 611 stones The kobold barely misses you.
Casting: Sandblast (safe; 4% risk of failure)
Confirm with . or Enter, or press ? or * to list all spells.
Aiming: Sandblast (safe; 4% risk of failure)
Press: ? - help, Shift-Dir - straight line, f/p - orc priest
Aim: an orc priest, wearing a +0 ring mail (severely wounded)
The blast of sand hits the orc priest but does no damage.
The orc priest is severely wounded.
b - 601 stones The orc priest mumbles some strange prayers to Beogh against you.
Beogh smites you!
You die...

####..##
......##
##......#
##.......#
#........#
.........#
.........#
......o@#
....†..K#
.........
.....(....
...........
............
.......?#####
$)......#


You could see an orc priest and a kobold.

Vanquished Creatures
  2 adders
  3 worms
  A dart slug (D:1)
  5 leopard geckos
  3 orcs
  6 bats
  A giant cockroach (D:1)
  5 goblins (D:1)
  7 hobgoblins
  2 jackals
  6 kobolds
  3 frilled lizards
  2 rats
46 creatures vanquished.

Notes
Turn   | Place    | Note
-------+----------+-------------------------------------------
     0 | D:1      | MisterOstroum the Oni Earth Elementalist began the quest
                  | for the Orb.
     0 | D:1      | Reached XP level 1. HP: 14/14 MP: 4/4
     1 | D:1      | Found a runed door.
    24 | D:1      | Reached skill level 1 in Fighting
   237 | D:1      | Reached XP level 2. HP: 23/23 MP: 6/6
   615 | D:1      | Reached skill level 2 in Spellcasting
   829 | D:1      | Reached XP level 3. HP: 20/28 MP: 6/8
   897 | D:1      | Learned a level 3 spell: Stone Arrow
  1365 | D:2      | Found a sacrificial altar of Ru.
  1520 | D:2      | Became a worshipper of Ru the Awakened
  1610 | D:2      | Reached XP level 4. HP: 33/35 MP: 5/10
  1623 | D:2      | Learned a level 2 spell: Blink
  2180 | D:2      | Reached skill level 3 in Spellcasting
  2269 | D:3      | Killed from afar by an orc priest

Skill      XL: |  1  2  3  4 |
---------------+-------------+-----
Fighting       | 1 |  1.0
Spellcasting   | 2 3 |  3.0
Dodging        | |  1.7
Stealth        | |  1.7
Conjurations   | |  3.0
Hexes          | |  3.0
Charms         | |  3.0
Summonings     | |  3.0
Necromancy     | |  3.0
Translocations | |  3.0
Transmutations | |  3.0
Fire Magic     | |  3.0
Ice Magic      | |  3.0
Air Magic      | |  3.0
Earth Magic    | |  3.0
Poison Magic   | |  3.0

Action                   |  1- 3 |  4- 6 || total
-------------------------+-------+-------++-------
Melee: Dagger            |    81 |     7 ||    88
       Unarmed           |     5 |       ||     5
       Headbutt          |     4 |     1 ||     5
       Bite              |     6 |       ||     6
Throw: Stone             |       |     2 ||     2
 Cast: Sandblast         |    19 |    25 ||    44
       Stone Arrow       |     6 |       ||     6
 Stab: Sleeping          |     4 |     1 ||     5
  Eat: Chunk             |     6 |     3 ||     9
Armor: Animal skin       |    14 |       ||    14
       Leather armour    |       |    10 ||    10
Dodge: Dodged            |    46 |    24 ||    70
